 Dungeon Crawl Stone Soup version 0.28-a0-175-gb2089b6bb7 (webtiles) character file.

Game seed: 10915662296646885368

174 IndexError the Grave Robber (level 5, 0/37 HPs)
             Began as a Gnoll Necromancer on Aug 17, 2021.
             Slain by Grinder (5 damage)
             ... on level 3 of the Dungeon.
             The game lasted 00:07:08 (4108 turns).

IndexError the Grave Robber (Gnoll Necromancer)     Turns: 4108, Time: 00:07:09

Health: 0/37       AC:  2    Str:  7    XL:     5   Next: 54%
Magic:  12/12      EV: 13    Int: 16    God:
Gold:   148        SH:  0    Dex: 12    Spells: 12/14 levels left

rFire   . . .      SeeInvis +   a - +4 spear
rCold   . . .      Faith    .   (no shield)
rNeg    . . .      Spirit   .   c - +0 robe
rPois   .          Reflect  .   (no helmet)
rElec   .          Harm     .   (no cloak)
rCorr   .          Rampage  .   (no gloves)
Will    .....                   (no boots)
Stlth   +++.......              (no amulet)
HPRegen 0.12/turn               j - ring of see invisible {sInv, !d}
MPRegen 0.13/turn               (no ring)

@: attractive
A: fangs 1, strong nose, distributed training
a: no special abilities


You were on level 3 of the Dungeon.
You visited 1 branch of the dungeon, and saw 4 of its levels.

You collected 148 gold pieces.

Inventory:

Hand Weapons
 a - a +4 spear (weapon)
   (You found it on level 2 of the Dungeon)
 b - a +0 hunting sling
   (You found it on level 1 of the Dungeon)
Missiles
 f - 69 stones (quivered)
Armour
 c - a +0 robe (worn)
Jewellery
 j - a ring of see invisible (left hand) {sInv, !d}
   (You found it on level 2 of the Dungeon)
Scrolls
 d - a scroll of teleportation {unknown}
 e - 2 scrolls of identify {unknown}
 h - a scroll of noise {unknown}
 i - a scroll of blinking {unknown}
 k - a scroll of magic mapping {unknown}
 n - a scroll of enchant weapon {unknown}
Potions
 g - a potion of heal wounds {unknown}


   Skills:
 + Level 1.5 Fighting
 + Level 1.5 Short Blades
 + Level 1.5 Long Blades
 + Level 1.5 Axes
 + Level 1.5 Maces & Flails
 + Level 1.5 Polearms
 + Level 1.5 Staves
 + Level 1.5 Slings
 + Level 1.5 Bows
 + Level 1.5 Crossbows
 + Level 1.5 Throwing
 + Level 1.5 Armour
 + Level 4.8 Dodging
 + Level 4.4 Stealth
 + Level 1.5 Shields
 + Level 1.5 Unarmed Combat
 + Level 5.2 Spellcasting
 + Level 1.2 Conjurations
 + Level 1.2 Hexes
 + Level 1.2 Summonings
 + Level 7.2 Necromancy
 + Level 1.2 Translocations
 + Level 1.2 Transmutations
 + Level 1.2 Fire Magic
 + Level 1.2 Ice Magic
 + Level 1.2 Air Magic
 + Level 1.2 Earth Magic
 + Level 1.2 Poison Magic
 + Level 1.7 Invocations
 + Level 1.5 Evocations


You had 12 spell levels left.
You knew the following spells:

 Your Spells              Type           Power      Damage    Failure   Level
a - Pain                  Necr           100%       1d9       1%          1
A - Animate Skeleton      Necr           54%        N/A       1%          1

Your spell library contained the following spells:

 Spells                   Type           Power      Damage    Failure   Level
 Vampiric Draining        Necr           13%        2d7       2%          3
 Animate Dead             Necr           13%        N/A       8%          4
 Agony                    Necr           27%        N/A       22%         5
 Call Canine Familiar     Summ           8%         N/A       26%         3
 Portal Projectile        Hex/Tloc       16%        N/A       26%         3
 Leda's Liquefaction      Hex/Erth       4%         N/A       65%         4


Dungeon Overview and Level Annotations

Branches:
Dungeon (4/15)
 Temple: D:4-7

Altars:
Kikubaaqudgha
Beogh

Shops:
D:3 :

Annotations:
D:3 Grinder


Innate Abilities, Weirdness & Mutations

You have very sharp teeth.
Your uncanny sense of smell can sniff out nearby items.
Your experience applies equally to all skills.


Message History

The orc hits Ijyb with a +0 dagger.
Ijyb hits the orc with a +0 dagger.
Your magical contamination has completely faded away.
Something hits Ijyb.
There is an escape hatch in the floor here.
There is a stone staircase leading up here.
The gnoll misses you.
You climb upwards.
There is a stone staircase leading down here.
Magic restored.
HP restored.
Done exploring.
Health restored: 37; MP restored: 12 You climb downwards.
Level annotation: Grinder The gnoll hits you from afar with a +0 spear.
There is a stone staircase leading up here.
You take 6 damage, and have 31/37 hp.
Casting: Animate Skeleton (safe; 1% risk of failure)
Confirm with . or Enter, or press ? or * to list all spells.
Aiming: Pain (safe; 1% risk of failure)
Press: ? - help, Shift-Dir - straight line, f - gnoll
Aim: a gnoll, wielding a +0 spear (chance to affect: 89%)
The gnoll writhes in agony.
The gnoll hits you from afar with a +0 spear.
You take 3 damage, and have 28/37 hp.
You now have 11/12 mp.
Casting: Pain (safe; 1% risk of failure)
Confirm with . or Enter, or press ? or * to list all spells.
Aiming: Pain (safe; 1% risk of failure)
Press: ? - help, Shift-Dir - straight line, f/p - gnoll
Aim: a gnoll, wielding a +0 spear (lightly wounded, chance to affect: 89%)
The gnoll writhes in agony!
The gnoll hits you from afar with a +0 spear.
You take 6 damage, and have 22/37 hp.
You now have 10/12 mp.
Casting: Pain (safe; 1% risk of failure)
Confirm with . or Enter, or press ? or * to list all spells.
Aiming: Pain (safe; 1% risk of failure)
Press: ? - help, Shift-Dir - straight line, f/p - gnoll
Aim: a gnoll, wielding a +0 spear (severely wounded, chance to affect: 89%)
The gnoll writhes in agony!
You take 1 damage, and have 21/37 hp.
You now have 9/12 mp.
Casting: Pain (safe; 1% risk of failure)
Confirm with . or Enter, or press ? or * to list all spells.
You can't see any susceptible monsters within range! (Use Z to cast anyway.) Unknown command.
Magic restored.
Grinder is nearby!
You regained 15 hp, and now have 36/37 hp.
MP restored: 12
Casting: Pain (safe; 1% risk of failure)
Confirm with . or Enter, or press ? or * to list all spells.
You can't see any susceptible monsters within range! (Use Z to cast anyway.)
b - a +0 hunting sling (weapon)
You shoot a stone.
Grinder shouts!
The stone hits Grinder.
Grinder gestures at you. You resist with significant effort.
You shoot a stone. The stone hits Grinder.
Grinder gestures at you.
You suddenly lose the ability to move!
You can move again.
Health restored: 37 You shoot a stone.
The stone hits Grinder but does no damage.
You shoot a stone. The stone barely misses Grinder.
Grinder gestures at you. You resist with significant effort.
a - a +4 spear (weapon)
Casting: Pain (safe; 1% risk of failure)
Confirm with . or Enter, or press ? or * to list all spells.
You can't see any susceptible monsters within range! (Use Z to cast anyway.) Unknown command.
b - a +0 hunting sling (weapon)
You shoot a stone. The stone hits Grinder.
a - a +4 spear (weapon)
You reach to attack!
You hit Grinder. You hit Grinder. Grinder hits you.
You writhe in agony.
You take 4 damage, and have 33/37 hp.
You closely miss Grinder. Grinder barely misses you.
You hit Grinder. Grinder hits you.
You writhe in agony.
You take 9 damage, and have 24/37 hp.
MASSIVE DAMAGE!!
You barely miss Grinder. Grinder hits you!
You writhe in agony.
* * * LOW HITPOINT WARNING * * *
You take 14 damage, and have 10/37 hp.
MASSIVE DAMAGE!!
You are too injured to fight recklessly!
You closely miss Grinder. Your bite misses Grinder. Grinder closely misses you.
You completely miss Grinder. Grinder hits you.
* * * LOW HITPOINT WARNING * * *
You writhe in agony.
* * * LOW HITPOINT WARNING * * *
You take 4 damage, and have 6/37 hp.
It was a potion of curing.
You feel better. Grinder hits you.
* * * LOW HITPOINT WARNING * * *
You writhe in agony.
* * * LOW HITPOINT WARNING * * *
You take 1 damage, and have 5/37 hp.
It was a potion of attraction.
You feel attractive to monsters. Grinder hits you.
You die...

### #.. #.. #..
######## #..
#......# #..
#.@.)..# #..
#..5...##########..
#..................
#....(.(.########..
#......#.###### #..
#......#.(....###.#
#############.>.#.#
###.#.. #.#..


You could see Grinder.

Vanquished Creatures
  Ijyb (D:3)
  An orc wizard (D:3)
  A gnoll (D:3)
  4 adders (D:3)
  A worm (D:2)
  A dart slug (D:1)
  6 orcs (D:3)
  4 bat zombies (D:3)
  5 endoplasms
  2 giant cockroaches (D:2)
  3 goblins
  5 hobgoblins
  3 jackals (D:2)
  6 kobolds
  3 quokkas
  3 ball pythons
  3 bats (D:2)
  2 frilled lizards (D:2)
  6 rats
  A rat zombie (D:3)
61 creatures vanquished.

Vanquished Creatures (collateral kills)
  A worm (D:3)
  A jackal (D:2)
  A rat (D:1)
3 creatures vanquished.

Grand Total: 64 creatures vanquished

Notes
Turn   | Place    | Note
-------+----------+-------------------------------------------
     0 | D:1      | IndexError the Gnoll Necromancer began the quest for the
                  | Orb.
     0 | D:1      | Reached XP level 1. HP: 13/13 MP: 6/6
   268 | D:1      | Reached XP level 2. HP: 17/19 MP: 5/7
   307 | D:1      | Learned a level 1 spell: Animate Skeleton
  1432 | D:2      | Reached XP level 3. HP: 24/25 MP: 7/9
  1516 | D:2      | Reached skill level 5 in Spellcasting
  2002 | D:2      | Reached skill level 1 in Invocations
  2775 | D:3      | Reached skill level 1 in Fighting
  2775 | D:3      | Reached skill level 1 in Short Blades
  2775 | D:3      | Reached skill level 1 in Long Blades
  2775 | D:3      | Reached skill level 1 in Axes
  2775 | D:3      | Reached skill level 1 in Maces & Flails
  2775 | D:3      | Reached skill level 1 in Polearms
  2775 | D:3      | Reached skill level 1 in Staves
  2775 | D:3      | Reached skill level 1 in Slings
  2775 | D:3      | Reached skill level 1 in Bows
  2775 | D:3      | Reached skill level 1 in Crossbows
  2775 | D:3      | Reached skill level 1 in Throwing
  2775 | D:3      | Reached skill level 1 in Armour
  2775 | D:3      | Reached skill level 1 in Shields
  2775 | D:3      | Reached skill level 1 in Unarmed Combat
  2775 | D:3      | Reached skill level 1 in Evocations
  2775 | D:3      | Reached XP level 4. HP: 25/32 MP: 9/11
  3099 | D:3      | Found an ancient bone altar of Kikubaaqudgha.
  3338 | D:3      | Reached skill level 1 in Conjurations
  3338 | D:3      | Reached skill level 1 in Hexes
  3338 | D:3      | Reached skill level 1 in Summonings
  3338 | D:3      | Reached skill level 1 in Translocations
  3338 | D:3      | Reached skill level 1 in Transmutations
  3338 | D:3      | Reached skill level 1 in Fire Magic
  3338 | D:3      | Reached skill level 1 in Ice Magic
  3338 | D:3      | Reached skill level 1 in Air Magic
  3338 | D:3      | Reached skill level 1 in Earth Magic
  3338 | D:3      | Reached skill level 1 in Poison Magic
  3425 | D:3      | Noticed Grinder
  3475 | D:3      | Reached XP level 5. HP: 35/37 MP: 12/12
  3498 | D:3      | Found Kiw Pissyi's Book Shop.
  3614 | D:3      | Found a faded altar of an unknown god.
  3697 | D:3      | Noticed Ijyb
  3713 | D:3      | Killed Ijyb
  3713 | D:3      | HP: 7/37 [gnoll (6)]
  4092 | D:3      | Paralysed by Grinder for 2 turns
  4106 | D:3      | HP: 7/37 [Grinder (3)]
  4108 | D:3      | Slain by Grinder

Illustrated notes

Levels and vault maps discovered:
D:1:      beargit_arrival_greenhouse, layout_loops_cross
D:2:      layout_basic, palyth_stone_intersect
D:3:      layout_rooms, lemuel_zombie_altar_kikubaaqudgha, serial_shops, shop,
          hellmonk_ecumenical_altar_defaced_shrine, grunt_ministairs_7,
          kennysheep_generic_room_5, uniq_ijyb, uniq_grinder
D:4:      black_bear_nest_1, layout_loops_cross, lemuel_doored_altar,
          hangedman_glass_teeth

Skill      XL: |  1  2  3  4 |
---------------+-------------+-----
Spellcasting   | 5 |  5.2
Invocations    | 1 |  1.7
Fighting       | 1 |  1.5
Short Blades   | 1 |  1.5
Long Blades    | 1 |  1.5
Axes           | 1 |  1.5
Maces & Flails | 1 |  1.5
Polearms       | 1 |  1.5
Staves         | 1 |  1.5
Slings         | 1 |  1.5
Bows           | 1 |  1.5
Crossbows      | 1 |  1.5
Throwing       | 1 |  1.5
Armour         | 1 |  1.5
Shields        | 1 |  1.5
Unarmed Combat | 1 |  1.5
Evocations     | 1 |  1.5
Conjurations   | 1 |  1.2
Hexes          | 1 |  1.2
Summonings     | 1 |  1.2
Translocations | 1 |  1.2
Transmutations | 1 |  1.2
Fire Magic     | 1 |  1.2
Ice Magic      | 1 |  1.2
Air Magic      | 1 |  1.2
Earth Magic    | 1 |  1.2
Poison Magic   | 1 |  1.2
Dodging        | |  4.8
Stealth        | |  4.4
Necromancy     | |  7.2

Action                   |  1- 3 |  4- 6 || total
-------------------------+-------+-------++-------
Melee: Unarmed           |    14 |       ||    14
       Bite              |     6 |     3 ||     9
       Dagger            |    51 |       ||    51
       Spear             |    12 |    68 ||    80
 Fire: Hunting sling     |    12 |     5 ||    17
 Cast: Pain              |    36 |    22 ||    58
       Animate Skeleton  |     6 |     2 ||     8
  Use: Potion            |       |     2 ||     2
 Stab: Sleeping          |     8 |     5 ||    13
Armor: Robe              |    13 |    13 ||    26
Dodge: Dodged            |    53 |    43 ||    96

Table legend: (Time is in decaauts)
 A = Elapsed time spent in this place.
 B = Non-inter-level travel time spent in this place.
 C = Inter-level travel time spent in this place.
 D = Time resting spent in this place.
 E = Time spent auto-exploring this place.
 F = Levels seen in this place.
 G = Mean time per level.
                   A        B        C        D        E       F      G
               +--------+--------+--------+--------+--------+-----+--------+
         Total |   4107 |   3826 |    281 |     73 |   3177 |   4 | 1026.8 |
       Dungeon |   4107 |   3826 |    281 |     73 |   3177 |   4 | 1026.8 |
               +--------+--------+--------+--------+--------+-----+--------+

Top non-repeatable levels by time:
     D:2: 1873 daAuts
     D:1: 1144 daAuts
     D:3: 1084 daAuts
     D:4: 4 daAuts

Table legend:
 A = Kills in this place as a percentage of kills in entire the game.
 B = Kills by you in this place as a percentage of kills by you in the entire game.
 C = Kills by friends in this place as a percentage of kills by friends in the entire game.
 D = Other kills in this place as a percentage of other kills in the entire game.
 E = Experience gained in this place as a percentage of experience gained in the entire game.
 F = Experience gained in this place divided by the number of levels of this place that you have seen.
                   A       B       C       D       E      F
               +-------+-------+-------+-------+-------+----------------------
         Total | 100.0 | 100.0 | 100.0 |   N/A | 100.0 |  62.2
       Dungeon | 100.0 | 100.0 | 100.0 |   N/A | 100.0 |  62.2
               +-------+-------+-------+-------+-------+----------------------
